 Dungeon Crawl Stone Soup version 0.25-a0-23-gdc1bd94 (webtiles) character file.

Game seed: 8235563943611840734, levelgen mode: deterministic

2177 TheGoonsmith the Grave Robber (level 9, -6/82 HPs)
             Began as a Deep Dwarf Necromancer on Oct 14, 2019.
             Mangled by Harold
             ... wielding a +0 war axe of flaming
              (18 damage)
             ... on level 7 of the Dungeon on Oct 16, 2019.
             The game lasted 00:24:20 (7976 turns).

TheGoonsmith the Grave Robber (DDNe)                Turns: 7976, Time: 00:24:20

Health: -6/82      AC: 14    Str: 14    XL:     9   Next: 11%
Magic:  1/15       EV: 12    Int: 17    God:
Gold:   237        SH:  0    Dex: 13    Spells: 12/16 levels left

rFire    . . .     SeeInvis +   G - +5 war axe (freeze) (curse)
rCold    . . .     Gourm    .   (no shield)
rNeg     . . .     Faith    .   E - +0 ring mail
rPois    .         Spirit   .   p - +2 helmet {SInv}
rElec    .         Reflect  .   F - scarf {cloud immunity}
rCorr    .         Harm     .   w - +2 pair of gloves
MR       +....                  m - +1 pair of boots {run}
Stlth    +.........             (no amulet)
HPRegen  0.00/turn              (no ring)
MPRegen  0.14/turn              (no ring)

@: marked, non-regenerating, quick
A: damage resistance, heal wounds, sense surroundings 2, no regeneration
a: Heal Wounds


You were on level 7 of the Dungeon.
You were hungry.

You visited 1 branch of the dungeon, and saw 7 of its levels.

You collected 237 gold pieces.

Inventory:

Hand Weapons
 b - a +0 club
 l - a +0 flail
 G - a cursed +5 war axe of freezing (weapon)
Armour
 a - a +0 robe
 k - a +0 pair of gloves
 m - a +1 pair of boots of running (worn)
 p - a +2 helmet of see invisible (worn)
 r - a +0 robe of resistance
 w - a +2 pair of gloves (worn)
 E - a +0 ring mail (worn)
 F - a scarf of cloud immunity (worn)
Jewellery
 d - an uncursed ring of see invisible {unknown}
 o - an uncursed ring of protection from magic {unknown}
 s - an uncursed ring of stealth
 D - an uncursed ring of ice {unknown}
 J - a cursed -3 ring of slaying {unknown}
Wands
 n - a wand of flame (11)
 q - a wand of iceblast (10)
 B - a wand of acid (11)
 I - a wand of polymorph (3)
Scrolls
 e - 2 scrolls of blinking
 h - a scroll of teleportation
 u - 4 scrolls of identify {unknown}
 x - a scroll of enchant weapon {unknown}
 y - a scroll of noise {unknown}
 A - a scroll of magic mapping {unknown}
 C - 2 scrolls of random uselessness {unknown}
 H - a scroll of enchant armour {unknown}
Potions
 f - a potion of haste
 g - a potion of degeneration {unknown}
 i - a potion of might {unknown}
 j - 2 potions of resistance {unknown}
 t - a potion of agility {unknown}
 v - a potion of heal wounds
 z - a potion of brilliance {unknown}
 L - a potion of lignification {unknown}
Comestibles
 c - 10 rations
 K - 2 chunks of flesh


   Skills:
 - Level 6.0 Fighting
 + Level 5.1(5.3) Axes
 - Level 1.9(3.5) Maces & Flails
 - Level 5.0 Armour
 - Level 3.0 Dodging
 - Level 2.4 Stealth
 - Level 4.0 Spellcasting
 - Level 7.0 Necromancy


You had 12 spell levels left.
You knew the following spells:

 Your Spells              Type           Power        Failure   Level  Hunger
a - Pain                  Necr           ####         1%          1    None
s - Vampiric Draining     Necr           ####......   4%          3    ###....

Your spell library contained the following spells:

 Spells                   Type           Power        Failure   Level  Hunger
 Animate Skeleton         Necr           N/A          1%          1    None
 Animate Dead             Necr           N/A          17%         4    ####...
 Regeneration             Chrm/Necr      Unusable     N/A         3    N/A

Dungeon Overview and Level Annotations

Branches:
Dungeon (7/15)
 Temple: D:4-7

Altars:
Gozag
Okawaru
Qazlal
Ru
Sif Muna
Wu Jian
Yredelemnul
Zin

Shops:
D:5 :

Annotations:
D:2 1 runed translucent door, Crazy Yiuf
D:5 3 runed translucent doors, wizard44's ghost, novice KoFi
D:7 Harold


Innate Abilities, Weirdness & Mutations

You are resistant to damage.
You can heal yourself by infusing magical energy.
You passively map the area around you.
You do not regenerate.


Message History

* * * LOW HITPOINT WARNING * * *
Harold burns you.
You barely miss Harold.
Harold is severely wounded.
Harold hits you with a +0 war axe of flaming.
* * * LOW HITPOINT WARNING * * *
Harold burns you.
* * * LOW HITPOINT WARNING * * *
Okay, then.
You hit Harold. You freeze Harold.
Harold is almost dead.
Harold casts a spell at you. The mark upon you grows brighter.
Harold hits you but does no damage.
You barely miss Harold.
Harold is almost dead.
Harold misses you.
You hit Harold. You freeze Harold.
Harold is almost dead.
Harold hits you with a +0 war axe of flaming!!
You die...

* * #. #.# , , .. #[# ,
#.* #.# , #.* #.# ,*
##.###.# *,
####...##)############ ,
,,#....#..).............
,, ,,
#...#####.######### * **
*##@## #.# , ,, ,, ,#@#
#.# * * #.# #.# *. *
#.#****#.# *. * , ... ,,
... , , ,, * ##. *#.. ,
>, ,.* ,, * * * ** ,**##
* , * * , * *** *


You could see Harold.

Vanquished Creatures
  Sigmund (D:3)
  Duvessa (D:7)
  Edmund (D:6)
  A water moccasin (D:6)
  3 sky beasts (D:6)
  2 ogres
  An ice beast (D:5)
  A bullfrog (D:6)
  Dowan (D:7)
  5 wights (D:6)
  2 howler monkeys (D:6)
  2 crimson imps
  3 orc priests (D:6)
  2 bullfrog skeletons
  A jelly (D:5)
  2 hounds (D:6)
  Terence (D:3)
  6 worker ants
  A killer bee zombie (D:5)
  2 hound zombies
  7 gnolls
  7 adders
  2 adder skeletons
  6 worms
  A dart slug (D:1)
  3 leopard geckos
  12 orcs
  12 bats
  6 giant cockroaches
  3 goblins
  3 hobgoblins
  18 jackals
  8 kobolds
  5 quokkas
  3 frilled lizards
  A leopard gecko zombie (D:4)
  A quokka skeleton (D:4)
  7 rats
144 creatures vanquished.

Notes
Turn   | Place    | Note
-------+----------+-------------------------------------------
     0 | D:1      | TheGoonsmith the Deep Dwarf Necromancer began the quest for
                  | the Orb.
     0 | D:1      | Reached XP level 1. HP: 15/15 MP: 3/3
   358 | D:1      | Reached XP level 2. HP: 22/22 MP: 0/5
  1097 | D:2      | Reached skill level 5 in Necromancy
  1097 | D:2      | Reached XP level 3. HP: 25/28 MP: 0/6
  1492 | D:2      | Found a shimmering blue altar of Sif Muna.
  1652 | D:2      | Found a glowing silver altar of Zin.
  1652 | D:2      | Noticed an angel
  1719 | D:2      | Found a runed translucent door.
  1720 | D:2      | Noticed Crazy Yiuf
  1759 | D:2      | Learned a level 3 spell: Vampiric Draining
  2520 | D:2      | Reached XP level 4. HP: 17/36 MP: 1/8
  3222 | D:3      | Identified a +1 pair of boots of running (You found it on
                  | level 3 of the Dungeon)
  3234 | D:3      | Reached skill level 6 in Necromancy
  3344 | D:3      | Noticed Sigmund
  3489 | D:3      | Killed Sigmund
  3489 | D:3      | Reached XP level 5. HP: 27/49 MP: 2/9
  3489 | D:3      | Reached XP level 6. HP: 31/56 MP: 2/10
  3710 | D:3      | Noticed Terence
  3758 | D:3      | Killed Terence
  3883 | D:3      | Found an iron altar of Okawaru.
  4749 | D:4      | Reached XP level 7. HP: 43/64 MP: 1/12
  4886 | D:4      | Found a stormy altar of Qazlal.
  5078 | D:5      | Entered Level 5 of the Dungeon
  5431 | D:5      | Found a runed translucent gate.
  5431 | D:5      | Found a runed translucent gate.
  5431 | D:5      | Found a runed translucent gate.
  5432 | D:5      | Found an opulent altar of Gozag.
  5433 | D:5      | Noticed wizard44's ghost (novice KoFi)
  5510 | D:5      | Found Paduutt's Book Shoppe.
  5544 | D:5      | Reached skill level 7 in Necromancy
  5624 | D:5      | Reached skill level 1 in Armour
  6099 | D:6      | Found a basalt altar of Yredelemnul.
  6099 | D:6      | Found a sacrificial altar of Ru.
  6099 | D:6      | Found an ornate altar of the Wu Jian Council.
  6213 | D:6      | Reached XP level 8. HP: 64/72 MP: 10/14
  6615 | D:6      | Reached skill level 5 in Armour
  6764 | D:6      | Reached skill level 5 in Fighting
  6769 | D:6      | Reached skill level 1 in Maces & Flails
  6799 | D:6      | Upgraded the game from 0.25-a0-2-g6559c6c to
                  | 0.25-a0-23-gdc1bd94
  7235 | D:6      | Reached skill level 1 in Axes
  7293 | D:6      | Noticed Edmund
  7304 | D:6      | Killed Edmund
  7815 | D:7      | Gained mutation: You passively map the area around you.
                  | [Deep Dwarf growth]
  7815 | D:7      | Reached XP level 9. HP: 74/82 MP: 1/15
  7934 | D:7      | Noticed Duvessa
  7934 | D:7      | Noticed Dowan
  7942 | D:7      | Killed Duvessa
  7942 | D:7      | Killed Dowan
  7942 | D:7      | Reached skill level 5 in Axes
  7949 | D:7      | Noticed Harold
  7967 | D:7      | HP: 3/82 [Harold/+0 war axe of flaming (5)]
  7976 | D:7      | Mangled by Harold

Levels and vault maps discovered:
D:1:      psy_arrival_basics, layout_loops_ring
D:2:      layout_rooms, old_standard_altar, zin_angel, first_ration,
          uniq_crazy_yiuf_cottage
D:3:      layout_rooms, old_standard_altar, minmay_misc_feat_rugged,
          serial_park_tiny_2, minmay_misc_feat_alley, uniq_sigmund, uniq_terence
D:4:      layout_basic, lemuel_crystal_altar
D:5:      layout_rooms, serial_shops, nicolae_shop_competitors_out_of_business,
          ebering_ghost_gozag, kennysheep_generic_room_6
D:6:      layout_basic, gammafunk_temple_overflow_claw, uniq_edmund
D:7:      layout_loops_ring, nicolae_tso_besieged_by_evil,
          minmay_temple_entry_butterflies, gammafunk_ghost_icy, the_bakery,
          serial_bayou_pond_e, uniq_menkaure, uniq_harold, uniq_duvessa

Skill      XL: |  1  2  3  4  5  6  7  8  9 |
---------------+----------------------------+-----
Spellcasting   | 2 3 4 |  4.0
Necromancy     | 5 6 7 |  7.0
Fighting       | 3 4 6 |  6.0
Dodging        | 3 |  3.0
Armour         | 3 5 |  5.0
Maces & Flails | 1 |  1.9
Axes           | 4 5 |  5.1
Stealth        | |  2.4

Action                   |  1- 3 |  4- 6 |  7- 9 || total
-------------------------+-------+-------+-------++-------
Melee: Unarmed           |     6 |       |       ||     6
       Club              |    22 |    52 |       ||    74
       Whip              |    10 |     3 |       ||    13
       Flail             |       |   116 |   125 ||   241
       War axe           |       |       |    33 ||    33
 Cast: Pain              |    95 |    18 |    49 ||   162
       Vampiric Draining |    15 |    40 |    48 ||   103
  Use: Scroll            |       |     3 |       ||     3
       Potion            |       |     1 |     2 ||     3
  Eat: Chunk             |     3 |     9 |     7 ||    19
       Ration            |     1 |     1 |     2 ||     4
Armor: Robe              |    10 |    81 |    41 ||   132
       Ring mail         |       |       |    49 ||    49
Dodge: Dodged            |    54 |   183 |   107 ||   344

Table legend:
 A = Non-vault XP
 B = Vault XP
 C = Vault XP percentage of total XP
 D = Non-vault monster count
 E = Vault monster count
 F = Vault count percentage of total count
                 A         B        C        D         E       F
            +---------+---------+-------+---------+---------+-------
      Total |    2331 |     780 |  25.1 |     137 |       7 |   4.9
            +---------+---------+-------+---------+---------+-------
        D:1 |      40 |       0 |   0.0 |      22 |       0 |   0.0
        D:2 |      60 |       0 |   0.0 |      18 |       0 |   0.0
        D:3 |     157 |     244 |  60.8 |      33 |       2 |   5.7
        D:4 |     337 |       0 |   0.0 |      20 |       0 |   0.0
        D:5 |     148 |     156 |  51.3 |      13 |       2 |  13.3
        D:6 |    1385 |     149 |   9.7 |      28 |       1 |   3.4
        D:7 |     204 |     231 |  53.1 |       3 |       2 |  40.0
            +---------+---------+-------+---------+---------+-------
